 Dungeon Crawl Stone Soup version 0.28-a0-1624-g820543e53a (webtiles) character file.

Game seed: 8216639263903961236

36185 awesomeguy42 the Fighter (level 13, -13/128 HPs)
             Began as a Troll Warper on Jan 23, 2022.
             Was an Initiate of Gozag.
             Mangled by a skeletal warrior (27 damage)
             ... led by a skeletal warrior
             ... on level 12 of the Dungeon.
             The game lasted 01:05:09 (19096 turns).

awesomeguy42 the Fighter (Troll Warper)            Turns: 19096, Time: 01:05:10

Health: -13/128    AC: 10    Str: 22    XL:     13   Next: 51%
Magic:  20/20      EV: 16    Int:  9    God:    Gozag
Gold:   1843       SH:  0    Dex: 13    Spells: 12/23 levels left

rFire   . . .      SeeInvis .   d - +7 lajatang (speed)
rCold   . . .      Faith    .   (shield currently unavailable)
rNeg    . . .      Spirit   .   H - +2 robe {Will+}
rPois   .          Reflect  .   (helmet restricted)
rElec   .          Harm     .   G - +2 cloak
rCorr   .          Rampage  .   (gloves unavailable)
Will    +....                   (boots unavailable)
Stlth   +++.......              a - amulet of regeneration
HPRegen 1.91/turn               g - +4 ring of evasion
MPRegen 0.17/turn               N - ring of wizardry

@: no status effects
A: large, unfitting armour, claws 3, regeneration 1, shaggy fur 2, tough skin 1
a: Renounce Religion, Potion Petition, Call Merchant, Bribe Branch


You were on level 12 of the Dungeon.
You worshipped Gozag.
Gozag was most pleased with you.
You visited 4 branches of the dungeon, and saw 16 of its levels.
You also visited: Ossuary.

You collected 4793 gold pieces.
You spent 2850 gold pieces at shops.
You paid 100 gold pieces to Gozag.

Inventory:

Hand Weapons
 c - a +5 halberd
 d - a +7 lajatang of speed (weapon)
 l - the +7 mace of Variability {chain chaos}
   (You found it on level 11 of the Dungeon)

   Each time it hits an enemy it has a different, random effect.
   It occasionally unleashes arcs of chaos on nearby creatures upon striking a
   foe.
 p - the +5 mace of Contention {drain, SInv}
   (You found it on level 5 of the Dungeon)

   A truly terrible weapon, it drains the life of any living foe it strikes.
   SInv:      It lets you see invisible.
 K - the +5 quarterstaff "Acarineslayer" {holy, Fragile Will+++ Int+5}
   (You found it on level 11 of the Dungeon)

   It has been blessed by the Shining One to cause great damage to the undead
   and demons.
   Int:       It affects your intelligence (+5).
   Fragile:   It will be destroyed if unequipped.
   Will:      It greatly increases your willpower.
 T - the +5 triple sword "Nuace Qah" {chaos, rElec rPois rF+}
   (You acquired it on level 2 of the Orcish Mines)

   Each time it hits an enemy it has a different, random effect.
   rF:        It protects you from fire.
   rElec:     It insulates you from electricity.
   rPois:     It protects you from poison.
Missiles
 o - 7 boomerangs (quivered)
 R - 3 silver boomerangs
Armour
 G - a +2 cloak (worn)
 H - a +2 robe of willpower (worn)
 O - a +2 robe of cold resistance
 U - a scarf of harm
Jewellery
 a - an amulet of regeneration (around neck)
 g - a +4 ring of evasion (left claw)
 k - a ring of resist corrosion
 J - a ring of fire
 M - an amulet of reflection
 N - a ring of wizardry (right claw)
Wands
 h - a wand of mindburst (19)
 r - a wand of flame (21)
 x - a wand of polymorph (12)
 y - a wand of paralysis (3)
 S - a wand of digging (1)
Scrolls
 b - 4 scrolls of blinking
 e - a scroll of fear
 n - 2 scrolls of fog
 s - a scroll of noise
 w - 2 scrolls of summoning
 B - 3 scrolls of immolation
 C - 2 scrolls of enchant armour
 D - 3 scrolls of teleportation
 E - a scroll of holy word
 L - 3 scrolls of identify
 P - a scroll of silence
Potions
 f - a potion of heal wounds
 i - 3 potions of degeneration
 j - 2 potions of attraction
 m - a potion of resistance
 q - a potion of invisibility
 t - 15 potions of curing
 u - a potion of cancellation
 v - 3 potions of magic
 z - 2 potions of flight
 A - a potion of mutation
 F - a potion of might
 I - a potion of lignification
 Q - a potion of berserk rage


   Skills:
 + Level 8.7 Fighting
 + Level 8.5 Staves
 - Level 1.0 Throwing
 + Level 7.5 Dodging
 + Level 5.2 Stealth
 - Level 2.6 Unarmed Combat
 + Level 5.7 Spellcasting
 + Level 7.1 Translocations
 + Level 6.1 Transmutations


You had 12 spell levels left.
You knew the following spells:

 Your Spells              Type           Power      Damage    Failure   Level
a - Blink                 Tloc           30%        N/A       1%          2
b - Gell's Gravitas       Tloc           15%        N/A       1%          3
c - Lesser Beckoning      Tloc           15%        N/A       1%          3
d - Teleport Other        Tloc           15%        N/A       1%          3

Your spell library contained the following spells:

 Spells                   Type           Power      Damage    Failure   Level
 Apportation              Tloc           30%        N/A       1%          1
 Manifold Assault         Tloc           15%        N/A       14%         5
 Blade Hands              Tmut           6%         N/A       21%         5
 Call Canine Familiar     Summ           2%         N/A       26%         3
 Ozocubu's Armour         Ice            2%         N/A       26%         3
 Summon Guardian Golem    Hex/Summ       2%         N/A       26%         3
 Summon Forest            Summ/Tloc      4%         N/A       50%         5
 Alistair's Intoxication  Tmut/Pois      5%         N/A       56%         5
 Irradiate                Conj/Tmut      4%         3d15      56%         5
 Animate Armour           Summ/Erth      4%         N/A       63%         4
 Olgreb's Toxic Radiance  Pois           2%         N/A       63%         4
 Metabolic Englaciation   Hex/Ice        1%         N/A       91%         5
 Dragon Form              Tmut           6%         N/A       99%         7
 Simulacrum               Ice/Necr       1%         N/A       100%        6
 Starburst                Conj/Fire      1%         6d3       100%        6
 Orb of Destruction       Conj           1%         9d5       100%        7
 Ozocubu's Refrigeration  Ice            1%         4d5       100%        7
 Spellforged Servitor     Conj/Summ      1%         N/A       100%        7
 Storm Form               Tmut/Air       4%         N/A       100%        7
 Ignition                 Fire           1%         3d3       100%        8
 Dragon's Call            Summ           1%         N/A       100%        9
 Fire Storm               Conj/Fire      1%         7d1       100%        9


Dungeon Overview and Level Annotations

Branches:
Dungeon (12/15)            Temple (1/1) D:6            Lair (0/6) D:11
    Orc (2/2) D:9             Elf (1/3) Orc:2       Ossuary (visited)

Altars:
Ashenzari
Cheibriados
Dithmenos
Elyvilon
Fedhas
Gozag
Kikubaaqudgha
Nemelex Xobeh
Okawaru
Qazlal
Ru
Trog
Wu Jian
Xom
Yredelemnul
The Shining One

Shops:
D:2 =   D:5 ?   D:9 [   D:10 !   Orc:2 [*?[!=

Annotations:
Elf:1 Asterion


Innate Abilities, Weirdness & Mutations

You are too large for most types of armour.
You have claws for hands.
Your natural rate of healing is unusually fast.
You are covered in thick fur. (AC +2)
You have tough skin. (AC +1)


Message History

The skeletal warrior is lightly damaged.
You closely miss the skeletal warrior.
The skeletal warrior is lightly damaged.
The skeletal warrior hits you with a +1 short sword of protection!
The skeletal warrior hits you from afar with a +0 halberd!
You closely miss the skeletal warrior.
The skeletal warrior is lightly damaged.
The skeletal warrior misses you.
The skeletal warrior hits you with a +1 short sword of protection!!
You hit the skeletal warrior.
The skeletal warrior is lightly damaged.
You slash the skeletal warrior!
The skeletal warrior is moderately damaged.
The skeletal warrior barely misses you.
The skeletal warrior closely misses you.
You closely miss the skeletal warrior.
The skeletal warrior is moderately damaged.
You hit the skeletal warrior but do no damage.
The skeletal warrior is moderately damaged.
The skeletal warrior misses you.
The skeletal warrior hits you from afar with a +0 halberd!!
You barely miss the skeletal warrior.
The skeletal warrior is moderately damaged.
The skeletal warrior hits you from afar with a +0 halberd!
The skeletal warrior misses you.
You completely miss the skeletal warrior.
The skeletal warrior is moderately damaged.
You hit the skeletal warrior but do no damage.
The skeletal warrior is moderately damaged.
The skeletal warrior hits you with a +1 short sword of protection!
* * * LOW HITPOINT WARNING * * *
The skeletal warrior hits you from afar with a +0 halberd!
* * * LOW HITPOINT WARNING * * *
You slash the skeletal warrior!
The skeletal warrior is severely damaged.
The skeletal warrior hits you with a +1 short sword of protection!
* * * LOW HITPOINT WARNING * * *
The skeletal warrior hits you from afar with a +0 halberd!!
You die...
Your body crumbles into a pile of gold.

...# ##.# ##'## ....#
############# # ....#
#.....#.....# ..
....######.###.###z### ...
....##.....#...#.z...### <...
....##.#.###.###z###..z## .....
....+..#...#...#@..###z.#......
....####.#.###.#.#.# ##.'......
#+### #.#.....#...# ###......
..# #####..###### ###'# '####
####..## ....# #......# ....#
#......# ....# #......#
....######......#


You could see 3 skeletal warriors.

Vanquished Creatures
  A boulder beetle (D:9)
  2 ogre magi
  Harold (D:8)
  13 two-headed ogres
  A death knight (D:10)
  2 centaur warriors (D:10)
  Erica (Orc:1)
  A tengu warrior (D:10)
  A skeletal warrior (D:10)
  2 deep trolls (Orc:2)
  A deep elf archer (D:10)
  2 ugly things
  2 orc knights
  An orc sorcerer (Orc:2)
  4 cyclopes
  An unseen horror (D:12)
  A kobold demonologist (D:11)
  A tengu conjurer (D:10)
  10 trolls
  A hornet (D:8)
  3 wyverns
  3 shadows
  4 wraiths
  21 yaks
  3 chaos spawn (D:11)
  A vampire (D:11)
  Eustachio (D:5)
  4 vampire mosquitoes (D:12)
  An acid dragon (D:7)
  6 wargs
  A water moccasin (D:9)
  23 orc warriors
  3 ice beasts
  24 ogres
  3 centaurs
  A kobold brigand (D:9)
  2 scorpions (D:7)
  3 bullfrogs
  A water moccasin zombie (D:5)
  A water moccasin skeleton (D:5)
  3 killer bees (D:10)
  4 troll zombies (D:9)
  7 howler monkeys
  5 wights
  An electric eel (Orc:2)
  A centaur zombie (D:10)
  4 bullfrog skeletons
  2 jellies
  3 hounds
  17 orc priests
  2 gnoll shamans
  3 iguanas
  Natasha (thrice) (D:2)
  23 orc wizards
  2 killer bee zombies
  4 ogre zombies (D:9)
  A centaur simulacrum (D:10)
  A mummy (Ossuary)
  2 howler monkey zombies
  12 gnolls
  10 adders
  A white imp (D:6)
  2 ufetubi
  2 adder skeletons
  5 worms
  A dart slug (D:2)
  98 orcs
  5 endoplasms
  2 giant cockroaches (D:1)
  12 goblins
  12 hobgoblins
  2 jackals (D:4)
  3 quokkas
  6 ball pythons
  10 bats
  A frilled lizard (D:3)
  4 gnoll skeletons (Ossuary)
  2 goblin skeletons (D:9)
  5 goblin zombies (D:9)
  A hobgoblin skeleton (D:9)
  2 hobgoblin zombies (D:9)
  11 kobolds
  8 kobold skeletons (Ossuary)
  15 orc skeletons
  13 orc zombies (D:9)
  8 rats
499 creatures vanquished.

Notes
Turn   | Place    | Note
-------+----------+-------------------------------------------
     0 | D:1      | awesomeguy42 the Troll Warper began the quest for the Orb.
     0 | D:1      | Reached XP level 1. HP: 19/19 MP: 1/1
    58 | D:1      | Reached skill level 1 in Throwing
    85 | D:1      | Reached XP level 2. HP: 11/28 MP: 3/3
   408 | D:1      | Reached XP level 3. HP: 33/35 MP: 4/4
   484 | D:2      | Found Qiottimu's Jewellery Shop.
   665 | D:3      | Identified a scroll of acquirement
   665 | D:3      | Acquired a +4 lajatang of speed
   676 | D:3      | Reached XP level 4. HP: 42/42 MP: 5/5
  1003 | D:4      | Reached skill level 1 in Staves
  1011 | D:4      | Reached XP level 5. HP: 42/50 MP: 6/6
  1260 | D:4      | Learned a level 2 spell: Blink
  1319 | D:4      | Noticed Eustachio
  1382 | D:5      | Entered Level 5 of the Dungeon
  1389 | D:5      | Killed Eustachio
  1390 | D:5      | Reached XP level 6. HP: 58/59 MP: 6/8
  1603 | D:5      | Found a white marble altar of Elyvilon.
  1653 | D:5      | Found Yleur's Magic Scroll Shop.
  1658 | D:5      | Bought a scroll of teleportation for 36 gold pieces
  1658 | D:5      | Bought a scroll of noise for 12 gold pieces
  1658 | D:5      | Bought a scroll of magic mapping for 42 gold pieces
  1773 | D:5      | Identified the +5 mace of Contention {drain, SInv}
  1833 | D:5      | Noticed an ice beast
  1917 | D:6      | Reached XP level 7. HP: 67/67 MP: 9/9
  1952 | D:7      | Reached skill level 1 in Stealth
  2036 | D:7      | Found a sand-covered staircase.
  2041 | Ossuary  | Entered an ossuary
  2041 | Ossuary  | Noticed a wraith
  2041 | Ossuary  | Noticed a wraith
  2041 | Ossuary  | Noticed a wraith
  2107 | Ossuary  | Noticed a wraith
  2119 | Ossuary  | Killed a wraith
  2293 | D:7      | Reached XP level 8. HP: 62/78 MP: 10/10
  3252 | D:6      | Found a staircase to the Ecumenical Temple.
  3349 | Temple   | Entered the Ecumenical Temple
  3383 | Temple   | Became a worshipper of Gozag Ym Sagoz the Greedy
  4526 | D:5      | Got Asmodeus's Reference Book on Creative Heat
  4587 | D:5      | Reached XP level 9. HP: 80/87 MP: 12/12
  4662 | D:5      | Reached skill level 5 in Fighting
  4665 | D:5      | Found a basalt altar of Yredelemnul.
  5040 | D:5      | Bought a scroll of immolation for 42 gold pieces
  5040 | D:5      | Bought a scroll of enchant armour for 90 gold pieces
  5372 | D:3      | Learned a level 3 spell: Gell's Gravitas
  5376 | D:3      | Learned a level 3 spell: Lesser Beckoning
  5389 | D:3      | Learned a level 3 spell: Teleport Other
  6116 | D:2      | Got the Handbook of Illusion
  6190 | D:2      | Noticed Natasha
  6195 | D:2      | Killed Natasha
  6216 | D:2      | Found a faded altar of an unknown god.
  6979 | D:2      | Noticed Natasha
  6985 | D:2      | Killed Natasha
  6997 | D:2      | Noticed Natasha
  7004 | D:2      | Killed Natasha
  7069 | D:4      | Reached skill level 5 in Staves
  7380 | D:8      | Noticed Harold
  7559 | D:7      | Reached skill level 1 in Transmutations
  7852 | D:8      | Found a sacrificial altar of Ru.
  7957 | D:8      | Reached XP level 10. HP: 80/98 MP: 14/14
  8149 | D:9      | Found Doosmul's Antique Armour Shoppe.
  8337 | D:9      | Bought a glowing cloak for 202 gold pieces
  8337 | D:9      | Bought an embroidered robe for 99 gold pieces
  8377 | D:8      | Killed Harold
  8488 | D:9      | Noticed a boulder beetle
  8551 | D:9      | Killed a boulder beetle
  8619 | D:8      | Noticed a moth of wrath
  8622 | D:8      | Found a bloodstained altar of Trog.
  8658 | D:8      | Identified the +1 flail of Malaise {vorpal, Str-5 Int+6
                  | Dex+4}
  8769 | D:9      | Noticed a two-headed ogre
  8776 | D:9      | Found a staircase to the Orcish Mines.
  8789 | D:9      | Noticed a two-headed ogre
  8823 | D:9      | Reached skill level 5 in Dodging
  8835 | D:10     | Entered Level 10 of the Dungeon
  9076 | D:10     | Noticed a two-headed ogre
  9117 | D:10     | Noticed a cyclops
  9226 | D:10     | Found Impa Xian's Distillery.
  9234 | D:10     | Bought a potion of might for 52 gold pieces
  9307 | D:10     | Noticed a death knight
  9342 | D:10     | Found a broken altar of Ashenzari.
  9342 | D:10     | Found a shimmering altar of Xom.
  9363 | D:10     | Killed a death knight
  9364 | D:10     | Reached skill level 5 in Translocations
  9477 | D:10     | Noticed a centaur warrior
  9488 | D:10     | Killed a centaur warrior
  9495 | D:10     | Noticed a centaur warrior
  9505 | D:10     | Killed a centaur warrior
  9506 | D:10     | Reached XP level 11. HP: 55/107 MP: 14/16
  9555 | D:10     | Noticed a brown ugly thing
  9564 | D:10     | Killed a brown ugly thing
  9565 | D:10     | Noticed a deep elf archer
  9678 | D:10     | Noticed a skeletal warrior
  9931 | D:9      | Killed a two-headed ogre
 10126 | D:9      | Noticed a two-headed ogre
 10310 | D:9      | Killed a two-headed ogre
 10567 | D:10     | Killed a two-headed ogre
 10832 | D:10     | Bought a potion of curing for 39 gold pieces
 10832 | D:10     | Bought a potion of might for 52 gold pieces
 10832 | D:10     | Bought a potion of curing for 39 gold pieces
 10832 | D:10     | Bought a potion of curing for 39 gold pieces
 11037 | D:11     | Noticed a two-headed ogre
 11049 | D:11     | Killed a two-headed ogre
 11121 | D:11     | Found a staircase to the Lair.
 11560 | D:11     | Noticed a brown ugly thing
 11575 | D:11     | Killed a brown ugly thing
 11596 | D:11     | Identified the +5 quarterstaff "Acarineslayer" {holy,
                  | Fragile Will+++ Int+5}
 12501 | D:2      | Bought an amulet of reflection for 330 gold pieces
 12534 | D:2      | Bought a ring of wizardry for 330 gold pieces
 12736 | D:9      | Killed a two-headed ogre
 12737 | D:9      | Reached XP level 12. HP: 85/118 MP: 16/18
 12763 | Orc:1    | Entered Level 1 of the Orcish Mines
 12928 | Orc:1    | Noticed Erica
 12953 | Orc:1    | Killed Erica
 13921 | Orc:2    | Entered Level 2 of the Orcish Mines
 13931 | Orc:2    | Found Naidug's Assorted Antiques.
 13933 | Orc:2    | Noticed a two-headed ogre
 13933 | Orc:2    | Noticed a two-headed ogre
 13934 | Orc:2    | Noticed a two-headed ogre
 13977 | Orc:1    | Killed a two-headed ogre
 13978 | Orc:1    | Reached skill level 5 in Transmutations
 14048 | Orc:1    | Killed a two-headed ogre
 14077 | Orc:2    | Noticed a two-headed ogre
 14085 | Orc:2    | Noticed a two-headed ogre
 14087 | Orc:2    | Killed a two-headed ogre
 14088 | Orc:2    | Reached skill level 5 in Spellcasting
 14249 | Orc:2    | Found Sole's Distillery.
 14270 | Orc:2    | Killed a two-headed ogre
 14289 | Orc:2    | Noticed an ogre mage
 14295 | Orc:1    | Killed a two-headed ogre
 14712 | Orc:2    | Noticed an ogre mage
 14744 | Orc:1    | Killed an ogre mage
 14900 | Orc:2    | Killed an ogre mage
 14949 | Orc:2    | Bought a potion of curing for 33 gold pieces
 14949 | Orc:2    | Bought a potion of curing for 33 gold pieces
 14949 | Orc:2    | Bought a potion of resistance for 110 gold pieces
 14949 | Orc:2    | Bought a potion of berserk rage for 55 gold pieces
 15042 | Orc:2    | Found a staircase to the Elven Halls.
 15236 | Orc:2    | Found Xeaggytu's Jewellery Emporium.
 15320 | Orc:2    | Noticed a two-headed ogre
 15444 | Orc:2    | Killed a two-headed ogre
 15712 | Orc:2    | Reached XP level 13. HP: 112/127 MP: 20/20
 16036 | Orc:2    | Found Ishragg's Antique Armour Emporium.
 16039 | Orc:2    | Found Niemufe Hopn's Armour Shop.
 16040 | Orc:2    | Bought a gold wand for 108 gold pieces
 16047 | Orc:2    | Found Xocsur's Magic Scroll Shoppe.
 16074 | Orc:2    | Bought a scroll of identify for 26 gold pieces
 16074 | Orc:2    | Bought a scroll of acquirement for 676 gold pieces
 16074 | Orc:2    | Bought a scroll of summoning for 123 gold pieces
 16074 | Orc:2    | Bought a scroll of enchant weapon for 97 gold pieces
 16394 | Orc:2    | Reached skill level 5 in Stealth
 16891 | Orc:2    | Acquired the +5 triple sword "Nuace Qah" {chaos, rElec
                  | rPois rF+}
 16967 | Elf:1    | Entered Level 1 of the Elven Halls
 16968 | Elf:1    | Noticed Asterion
 16974 | Elf:1    | Noticed a green death
 17224 | Orc:2    | Bought a potion of curing for 81 gold pieces
 18005 | D:10     | Acquired an amulet of regeneration
 18121 | D:10     | Bought a potion of mutation for 104 gold pieces
 18136 | D:11     | Gained mutation: You are covered in thick fur. (AC +2)
                  | [potion of mutation]
 18211 | D:11     | Found the +7 mace of Variability {chain chaos}
 18216 | D:11     | Found a shimmering altar of Xom.
 18853 | D:12     | Found an ornate altar of the Wu Jian Council.
 19096 | D:12     | Mangled by a skeletal warrior

Illustrated notes

Levels and vault maps discovered:
D:1:      heliophobic_arrival_enchanted_forest, layout_loops_ring,
          amethyst_killhole
D:2:      layout_loops_cross, shapermc_ecumenical_altar_pompeii, serial_shops,
          shop_statue, uniq_natasha
D:3:      layout_loops_cross, nicolae_underground_beach
D:4:      layout_rooms, minmay_misc_feat_pillars, wad_orctagon, uniq_eustachio
D:5:      kennysheep_spiral_hall, layout_basic, kennysheep_ying_yang,
          nicolae_stop_n_shop_2, minmay_misc_feat_more_columns,
          corexii_hall_statues_l
D:6:      layout_layer_cave, minmay_temple_entry_stoned_glass,
          minmay_misc_feat_tiny
D:7:      layout_loops_ring, serial_glass, glass_columns_a, glass_columns_c,
          glass_columns_b, glass_columns_b, glass_columns_a, glass_columns_a,
          glass_columns_a, glass_columns_b, glass_columns_b, glass_columns_b,
          enter_ossuary_2
D:8:      minmay_the_grid_square_5x5_3x3
          [minmay_the_grid_square_5x5_two_walls_b,
          minmay_the_grid_square_5x5_bridge, minmay_the_grid_square_5x5_two,
          minmay_the_grid_square_5x5_minibox,
          minmay_the_grid_square_5x5_megaprize_open,
          minmay_the_grid_square_5x5_intrusive_squares,
          minmay_the_grid_square_5x5_inverted_slash,
          minmay_the_grid_square_5x5_detours,
          minmay_the_grid_square_5x5_beaten_path], layout_rooms, tgw_trog,
          lemuel_round_altar, uniq_harold
D:9:      layout_basic, zombieorc2_lemuel, enter_bailey_5, serial_shops,
          nicolae_shop_statue_plus
D:10:     layout_long_grid, gammafunk_temple_overflow_elements, serial_shops,
          shop, nicolae_concentric_dashed_squares_wild, minmay_evil_grid
D:11:     layout_stronghold, lair_entry_dummy, kennysheep_big_empty_room,
          minmay_guarded_unrand_variability
D:12:     layout_roguey, serial_shops, nicolae_lakefront_shop,
          nicolae_wu_jian_immortal_techniques
Temple:   nicolae_temple_elliptical
Orc:1:    layout_diamond_mine, guppyfry_library_mini, uniq_erica
Orc:2:    st_orc_open, layout_caves, serial_shops, shop,
          minmay_shop_enchanted_jewellery, nooodl_orcs_dogs
Elf:1:    minmay_elf_arrival_circle, layout_geoelf_diagonals,
          minmay_elf_demonology, uniq_asterion

Skill      XL: |  1  2  3  4  5  6  7  8  9 10 11 12 13 |
---------------+----------------------------------------+-----
Throwing       | 1 |  1.0
Dodging        | 2 3 4 5 6 7 |  7.5
Fighting       | 2 3 4 5 6 7 8 |  8.7
Staves         | 1 2 3 4 5 6 7 8 |  8.5
Spellcasting   | 2 3 4 5 |  5.7
Translocations | 3 4 5 6 7 |  7.1
Stealth        | 1 2 3 4 5 |  5.2
Transmutations | 2 3 4 5 6 |  6.1
Unarmed Combat | |  2.6

Action                   |  1- 3 |  4- 6 |  7- 9 | 10-12 | 13-15 || total
-------------------------+-------+-------+-------+-------+-------++-------
Melee: Unarmed           |    91 |       |       |       |       ||    91
       Punch             |     3 |       |     1 |     5 |       ||     9
       Lajatang          |     5 |   152 |   396 |   752 |   297 ||  1602
       Mace              |       |       |     7 |    79 |       ||    86
Throw: Boomerang         |     1 |     4 |       |    10 |       ||    15
       Throwing net      |       |       |       |     6 |       ||     6
 Cast: Blink             |       |     2 |       |    35 |     1 ||    38
       Gell's Gravitas   |       |       |       |    12 |     1 ||    13
       Teleport Other    |       |       |       |     4 |       ||     4
Evoke: Wand              |       |       |     1 |     4 |     2 ||     7
  Use: Scroll            |     1 |     7 |     7 |     7 |     5 ||    27
       Potion            |       |     1 |     1 |     4 |     3 ||     9
 Stab: Sleeping          |       |       |     9 |     1 |     1 ||    11
       Paralysed         |       |       |       |     2 |     1 ||     3
       Held in net/web   |       |       |       |     2 |       ||     2
       Distracted        |       |       |       |       |     5 ||     5
Armor: Robe              |    37 |    57 |    88 |   175 |    63 ||   420
Dodge: Dodged            |    61 |   141 |   275 |   630 |   142 ||  1249
Block: Other             |       |       |       |    94 |    50 ||   144
       Reflection        |       |       |       |     5 |     1 ||     6

Table legend: (Time is in decaauts)
 A = Elapsed time spent in this place.
 B = Non-inter-level travel time spent in this place.
 C = Inter-level travel time spent in this place.
 D = Time resting spent in this place.
 E = Time spent auto-exploring this place.
 F = Levels seen in this place.
 G = Mean time per level.
                   A        B        C        D        E       F      G
               +--------+--------+--------+--------+--------+-----+--------+
         Total |  18738 |  18738 |      0 |   3528 |   5690 |  17 | 1102.2 |
       Dungeon |  14311 |  14311 |      0 |   2239 |   4988 |  12 | 1192.6 |
        Temple |     59 |     59 |      0 |      0 |     14 |   1 |   59.0 |
  Orcish Mines |   4161 |   4161 |      0 |   1288 |    650 |   2 | 2080.5 |
   Elven Halls |     10 |     10 |      0 |      0 |      0 |   1 |   10.0 |
       Ossuary |    196 |    196 |      0 |      0 |     37 |   1 |  196.0 |
               +--------+--------+--------+--------+--------+-----+--------+

Top non-repeatable levels by time:
   Orc:2: 2202 daAuts
     D:9: 2097 daAuts
   Orc:1: 1958 daAuts
    D:10: 1886 daAuts
     D:7: 1419 daAuts
    D:11: 1388 daAuts
     D:5: 1366 daAuts
     D:6: 1344 daAuts
     D:4: 1077 daAuts
     D:3: 956 daAuts
     D:2: 944 daAuts
     D:1: 804 daAuts
     D:8: 687 daAuts
    D:12: 337 daAuts
 Ossuary: 196 daAuts
